 Dungeon Crawl Stone Soup version 0.29.0-4-gdea44cf6ec (webtiles) character file.

Game seed: 14116028128256754140

7637 qw the Cleaver (level 11, -1/64 HPs)
             Began as a Tengu Warper on Aug 28, 2022.
             Was a Priest of Okawaru.
             Killed from afar by a starcursed mass (5 damage)
             ... with an accursed screaming
             ... on level 1 of the Abyss.
             The game lasted 00:01:25 (11547 turns).

qw the Cleaver (Tengu Warper)                      Turns: 11547, Time: 00:01:26

Health: -1/64      AC: 22    Str: 15    XL:     11   Next: 18%
Magic:  14/15      EV:  8    Int: 14    God:    Okawaru [***...]
Gold:   119        SH: 13    Dex: 14    Spells: 14/14 levels left

rFire   . . .      SeeInvis .   Y - +0 war axe
rCold   . . .      Faith    .   a - +0 kite shield
rNeg    . . .      Spirit   .   d - +0 plate armour
rPois   .          Reflect  .   h - +2 hat
rElec   .          Harm     .   (no cloak)
rCorr   +          Rampage  .   k - +0 pair of gloves
Will    .....                   (boots unavailable)
Stlth   ..........              (no amulet)
HPRegen 0.20/turn               c - +4 ring of protection
MPRegen 0.14/turn               m - ring of resist corrosion

@: about to teleport, heroic, flying quickly and evasively, quick
A: beak, talons 3, nimble flight
a: Renounce Religion, Heroism


You were on level 1 of the Abyss.
You worshipped Okawaru.
Okawaru was most pleased with you.
You visited 2 branches of the dungeon, and saw 10 of its levels.
You visited the Abyss 1 time.

You collected 373 gold pieces.
You spent 254 gold pieces at shops.


Innate Abilities, Weirdness & Mutations

You have a beak for a mouth.
You have claws for feet.
Your magical nature lets you fly swiftly and evasively.


   Skills:
 - Level 6.0(11.0) Fighting
 + Level 12.1(17.1) Axes
 - Level 1.0(6.0) Throwing
 - Level 6.1(11.1) Armour
 - Level 3.0(8.0) Dodging
 - Level 8.9(13.9) Shields
 - Level 2.0 Spellcasting
 - Level 2.4 Translocations
 - Level 4.1 Invocations


You had 14 spell levels left.
You didn't know any spells.
Your spell library contained the following spells:

 Spells                   Type           Power      Damage    Failure   Level
 Blink                    Tloc           16%        N/A       100%        2
 Gell's Gravitas          Tloc           8%         N/A       100%        3
 Lesser Beckoning         Tloc           8%         N/A       100%        3
 Teleport Other           Tloc           8%         N/A       100%        3
 Manifold Assault         Tloc           8%         N/A       100%        5

Inventory:

Hand Weapons
 l - the +11 mace "Anumifuc" {vorpal, rPois}
   (You found it on level 5 of the Dungeon)

   It inflicts extra damage upon your enemies.
   rPois:     It protects you from poison.
 Y - a +0 war axe (weapon)
Armour
 a - a +0 kite shield (worn)
 d - a +0 plate armour (worn)
 h - a +2 hat (worn)
 k - a +0 pair of gloves (worn)
Jewellery
 c - a +4 ring of protection (left hand)
 m - a ring of resist corrosion (right hand)
Scrolls
 e - 2 scrolls of teleportation
 f - 7 scrolls of identify
Potions
 b - 2 potions of mutation
 g - 3 potions of haste
 i - 3 potions of curing

Dungeon Overview and Level Annotations

Branches:
Dungeon (9/15)             Temple (1/1) D:4            Lair (0/5) D:9
    Orc: D:9-12

Altars:
Ashenzari
Cheibriados
Dithmenos
Elyvilon
Fedhas
Gozag
Hepliaklqana
Kikubaaqudgha
Makhleb
Nemelex Xobeh
Okawaru
Qazlal
Ru
Sif Muna
Trog
Uskayaw
Vehumet
Wu Jian
Xom
Yredelemnul
Zin
The Shining One

Shops:
D:6 (:   D:7 *=


Message History

You destroy the tentacled starspawn!
Okawaru is honoured by your kill.
The starspawn's tentacles wither and die.
A small abomination comes into view.
Your base Shields skill increases to level 8!
11507 ||| Stepping ~*~*~tactically~*~*~ (stealth).
11510 ||| Stepping ~*~*~tactically~*~*~ (stealth).
You feel like a meek peon again.
A starcursed mass comes into view.
11537 ||| INVOKING Heroism.
You gain the combat prowess of a mighty hero.
A starcursed mass splits.
A chorus of shrieks assaults your mind.
You hit the starcursed mass.
You claw the starcursed mass, but do no damage.
The starcursed mass is lightly damaged.
You hit the starcursed mass but do no damage.
The starcursed mass shudders and is absorbed by its neighbour.
The starcursed mass shrieks in your mind.
11543 ||| READING 3 scrolls of teleportation.
As you read the scroll of teleportation, it crumbles to dust.
You feel strangely unstable.
You feel the power of the Abyss delaying your translocation!
A starcursed mass splits.
You slash the starcursed mass! You claw the starcursed mass.
You peck the starcursed mass, but do no damage.
The starcursed mass is moderately damaged.
You hit the starcursed mass.
The starcursed mass shudders and is absorbed by its neighbour.
You hit the starcursed mass but do no damage.
You peck the starcursed mass, but do no damage.
The starcursed mass is lightly damaged.
A starcursed mass splits.
A chorus of shrieks assaults your mind.
You hit the starcursed mass.
The starcursed mass is moderately damaged.
The starcursed mass shudders and is absorbed by its neighbour.
A starcursed mass splits.
A chorus of shrieks assaults your mind.
You die...

.#....... .#.
....#.......
#...........#
#..##.....#.#
#...........#
#...#.......#
#.###.........#.#
#...'....X......#
....####.@X...#
..#.......#........
#.......#.....### #
#.#..#..#...#..#
#... ...#...# ## ..
#........ .
....#..##.
......##. ##


You could see 2 starcursed masses.

Vanquished Creatures
  A tentacled starspawn (Abyss:1)
  Maggie (D:8)
  Prince Ribbit (D:8)
  13 yaks (D:8)
  A shadow (D:9)
  A wyvern (D:8)
  2 steam dragons
  3 wargs (D:9)
  A water moccasin (D:7)
  Duvessa (D:7)
  An orc warrior (D:8)
  4 sky beasts
  An ice beast (D:7)
  A black bear (D:5)
  2 ogres (D:6)
  A centaur (D:6)
  3 phantoms
  A kobold brigand (D:6)
  A bullfrog (D:8)
  A gnoll sergeant (D:6)
  A necrophage (D:8)
  Blork the orc (D:5)
  2 scorpions
  3 wights (D:7)
  Dowan (D:7)
  3 killer bees (D:9)
  2 howler monkeys (D:7)
  4 jellies
  9 orc priests
  5 hounds
  2 iguanas
  Natasha (thrice) (D:4)
  11 orc wizards
  14 gnolls
  7 adders
  2 shadow imps (D:7)
  2 white imps
  A worm (D:2)
  4 dart slugs
  37 orcs
  4 bats
  11 endoplasms
  5 giant cockroaches
  11 goblins
  8 hobgoblins
  2 jackals (D:3)
  11 kobolds
  4 quokkas
  4 ball pythons
  4 frilled lizards
  5 rats
  2 starspawn tentacles (Abyss:1)
226 creatures vanquished.

Vanquished Creatures (others)
  An orc wizard (D:4)
  2 starspawn tentacles (Abyss:1)
3 creatures vanquished.

Grand Total: 229 creatures vanquished

Notes
Turn   | Place    | Note
-------+----------+-------------------------------------------
     0 | D:1      | qw the Tengu Warper began the quest for the Orb.
     0 | D:1      | Reached XP level 1. HP: 12/12 MP: 4/4
     0 | D:1      | 0 ||| qw: Version: 0.1-a-89-g26bdef1
     0 | D:1      | 0 ||| qw: Game counter: 1436
     0 | D:1      | 0 ||| qw: Always use a shield: true
     0 | D:1      | 0 ||| qw: God list: Okawaru
     0 | D:1      | 0 ||| qw: Allow faded altars: false
     0 | D:1      | 0 ||| qw: Do Orc after D:15 true
     0 | D:1      | 0 ||| qw: Do second Lair branch before Depths: true
     0 | D:1      | 0 ||| qw: Lair rune preference: random
     0 | D:1      | 0 ||| qw: Plans: Normal
     0 | D:1      | 0 ||| PLANNING D:1-11
   154 | D:1      | Reached XP level 2. HP: 17/17 MP: 6/6
   171 | D:1      | Reached skill level 3 in Axes
   220 | D:1      | 220 ||| Stepping ~*~*~tactically~*~*~ (stealth).
   222 | D:1      | 222 ||| Stepping ~*~*~tactically~*~*~ (stealth).
   227 | D:1      | 227 ||| Stepping ~*~*~tactically~*~*~ (stealth).
   241 | D:1      | 241 ||| Stepping ~*~*~tactically~*~*~ (stealth).
   266 | D:1      | 266 ||| Stepping ~*~*~tactically~*~*~ (stealth).
   279 | D:1      | 279 ||| Stepping ~*~*~tactically~*~*~ (stealth).
   465 | D:1      | 465 ||| Stepping ~*~*~tactically~*~*~ (hiding).
   466 | D:1      | 466 ||| Stepping ~*~*~tactically~*~*~ (hiding).
   467 | D:1      | 467 ||| Stepping ~*~*~tactically~*~*~ (hiding).
   476 | D:1      | Reached XP level 3. HP: 16/21 MP: 7/7
   910 | D:1      | 910 ||| UPGRADING to +0 plate armour.
   920 | D:1      | 920 ||| DROPPING +0 leather armour.
   921 | D:1      | 921 ||| DROPPING +0 ring mail.
   922 | D:1      | 922 ||| UPGRADING to +1 hat.
   927 | D:1      | 927 ||| DRINKING 2 puce potions.
   928 | D:1      | 928 ||| DROPPING scroll of blinking.
   929 | D:1      | 929 ||| DROPPING potion of flight.
   972 | D:2      | 972 ||| Stepping ~*~*~tactically~*~*~ (stealth).
   982 | D:2      | Reached skill level 4 in Axes
  1310 | D:2      | Reached XP level 4. HP: 23/26 MP: 8/8
  1880 | D:2      | 1880 ||| FLEEEEING.
  2188 | D:2      | 2188 ||| UPGRADING to +4 ring of protection.
  2189 | D:2      | 2189 ||| UPGRADING to ring of resist corrosion.
  2190 | D:2      | 2190 ||| READING scroll labelled ACUOPP JOILYITH.
  2191 | D:2      | 2191 ||| READING scroll labelled COIM PITUCAN.
  2195 | D:2      | 2195 ||| READING scroll labelled RAFEXU SUSYFAE.
  2196 | D:2      | 2196 ||| READING scroll labelled GUIJEN GAMNAAT.
  2219 | D:3      | 2219 ||| Stepping ~*~*~tactically~*~*~ (stealth).
  2239 | D:3      | 2239 ||| FLEEEEING.
  2246 | D:3      | Reached skill level 5 in Axes
  2246 | D:3      | 2246 ||| FLEEEEING.
  2247 | D:3      | 2247 ||| STAIRDANCE
  2281 | D:2      | 2281 ||| DROPPING +0 club.
  2533 | D:3      | Gained mutation: Your magical nature lets you fly swiftly
                  | and evasively. [Tengu growth]
  2533 | D:3      | Reached XP level 5. HP: 28/29 MP: 9/9
  2602 | D:3      | Found a faded altar of an unknown god.
  2667 | D:3      | 2667 ||| Stepping ~*~*~tactically~*~*~ (hiding).
  2868 | D:3      | 2868 ||| DROPPING amulet of magic regeneration.
  2869 | D:3      | 2869 ||| READING scroll labelled UDUARE GUVVIO.
  2870 | D:3      | 2870 ||| READING 2 scrolls labelled HETHRA ZOEMUDU.
  2871 | D:3      | 2871 ||| READING scroll labelled CIELAM VAHA.
  2872 | D:3      | 2872 ||| READING scroll labelled MIOM ZEYLUITAG.
  2873 | D:3      | 2873 ||| DRINKING 2 orange potions.
  2874 | D:3      | 2874 ||| DRINKING 2 black potions.
  2875 | D:3      | 2875 ||| DROPPING scroll of poison.
  2876 | D:3      | 2876 ||| Stepping randomly (stuck).
  2877 | D:3      | 2877 ||| Stepping ~*~*~tactically~*~*~ (cloud).
  3189 | D:4      | Noticed a phantom
  3199 | D:4      | Killed a phantom
  3200 | D:4      | Reached skill level 6 in Axes
  3230 | D:4      | 3230 ||| Stepping ~*~*~tactically~*~*~ (stealth).
  3238 | D:4      | Reached XP level 6. HP: 33/35 MP: 10/10
  3537 | D:4      | 3537 ||| READING scroll of enchant weapon.
  3537 | D:4      | 3537 ||| ENCHANTING +1 vorpal hand axe.
  3820 | D:4      | 3820 ||| READING 4 scrolls labelled RIPNUAWYNG.
  3821 | D:4      | 3821 ||| READING scroll labelled QISYTEREID.
  3822 | D:4      | 3822 ||| DRINKING 2 fuming white potions.
  3823 | D:4      | 3823 ||| READING 3 scrolls of identify.
  3823 | D:4      | 3823 ||| IDENTIFYING fuming green potion
  3824 | D:4      | 3824 ||| READING 2 scrolls of identify.
  3824 | D:4      | 3824 ||| IDENTIFYING bubbling sapphire potion
  3825 | D:4      | 3825 ||| DROPPING potion of brilliance.
  3826 | D:4      | 3826 ||| DROPPING potion of berserk rage.
  3827 | D:4      | 3827 ||| READING scroll of teleportation.
  3828 | D:4      | 3828 ||| FLEEEEING.
  3829 | D:4      | 3829 ||| FLEEEEING.
  3858 | D:4      | Noticed Natasha
  3864 | D:4      | Killed Natasha
  3928 | D:4      | 3928 ||| Stepping ~*~*~tactically~*~*~ (stealth).
  3936 | D:4      | Reached skill level 7 in Axes
  3945 | D:4      | 3945 ||| Stepping ~*~*~tactically~*~*~ (stealth).
  3946 | D:4      | 3946 ||| Stepping ~*~*~tactically~*~*~ (stealth).
  3947 | D:4      | 3947 ||| Stepping ~*~*~tactically~*~*~ (stealth).
  4049 | D:4      | Noticed Natasha
  4060 | D:4      | Reached skill level 3 in Armour
  4066 | D:4      | HP: 6/35 [orc/+0 short sword (3)]
  4067 | D:4      | 4067 ||| DRINKING 2 potions of heal wounds.
  4074 | D:4      | Reached XP level 7. HP: 24/40 MP: 11/11
  4079 | D:4      | HP: 1/40 [shadow imp/nerve-wracking pain[Natasha] (13)]
  4080 | D:4      | 4080 ||| DRINKING potion of heal wounds.
  4081 | D:4      | Killed Natasha
  4223 | D:4      | 4223 ||| FLEEEEING.
  4250 | D:4      | 4250 ||| Stepping ~*~*~tactically~*~*~ (stealth).
  4251 | D:4      | 4251 ||| Stepping ~*~*~tactically~*~*~ (stealth).
  4271 | D:4      | 4271 ||| Stepping ~*~*~tactically~*~*~ (stealth).
  4274 | D:4      | Reached skill level 3 in Fighting
  4599 | D:4      | Noticed Natasha
  4600 | D:4      | 4600 ||| Stepping ~*~*~tactically~*~*~ (hiding).
  4607 | D:4      | Killed Natasha
  4647 | D:4      | Found a staircase to the Ecumenical Temple.
  4648 | D:4      | 4648 ||| PLANNING TEMPLE
  4648 | D:4      | 4648 ||| READING 2 scrolls of identify.
  4648 | D:4      | 4648 ||| IDENTIFYING coppery potion
  4649 | D:4      | 4649 ||| DROPPING potion of lignification.
  4658 | Temple   | Entered the Ecumenical Temple
  4777 | Temple   | Became a worshipper of Warmaster Okawaru
  4824 | Temple   | 4824 ||| PLANNING D:1-11
  4883 | D:5      | Entered Level 5 of the Dungeon
  4908 | D:5      | Reached skill level 8 in Axes
  4961 | D:5      | 4961 ||| Stepping ~*~*~tactically~*~*~ (stealth).
  4966 | D:5      | 4966 ||| Stepping ~*~*~tactically~*~*~ (stealth).
  4982 | D:5      | 4982 ||| FLEEEEING.
  4983 | D:5      | 4983 ||| FLEEEEING.
  4984 | D:5      | 4984 ||| FLEEEEING.
  4985 | D:5      | 4985 ||| FLEEEEING.
  4986 | D:5      | 4986 ||| FLEEEEING.
  4987 | D:5      | 4987 ||| FLEEEEING.
  4988 | D:5      | 4988 ||| STAIRDANCE
  5026 | D:5      | 5026 ||| STAIRDANCE
  5141 | D:5      | 5141 ||| STAIRDANCE
  5250 | D:5      | 5250 ||| STAIRDANCE
  5260 | D:5      | 5260 ||| STAIRDANCE
  5270 | D:5      | Reached XP level 8. HP: 45/46 MP: 12/12
  5373 | D:5      | Reached * piety under Okawaru
  5374 | D:5      | Reached skill level 9 in Axes
  5404 | D:5      | Found an ancient bone altar of Kikubaaqudgha.
  5461 | D:5      | Identified the +11 mace "Anumifuc" {vorpal, rPois}
  5463 | D:5      | 5463 ||| DROPPING +0 flail.
  5482 | D:5      | Reached skill level 1 in Invocations
  5612 | D:5      | 5612 ||| Stepping ~*~*~tactically~*~*~ (hiding).
  5616 | D:5      | 5616 ||| INVOKING Heroism.
  5618 | D:5      | 5618 ||| Stepping ~*~*~tactically~*~*~ (stealth).
  5702 | D:5      | Noticed Blork the orc
  5703 | D:5      | 5703 ||| Stepping ~*~*~tactically~*~*~ (hiding).
  5704 | D:5      | 5704 ||| INVOKING Heroism.
  5710 | D:5      | Killed Blork the orc
  5738 | D:5      | 5738 ||| READING scroll labelled PUFFYULODA.
  5739 | D:5      | 5739 ||| READING 3 scrolls of identify.
  5739 | D:5      | 5739 ||| IDENTIFYING sapphire potion
  5740 | D:5      | 5740 ||| READING 2 scrolls of identify.
  5740 | D:5      | 5740 ||| IDENTIFYING purple potion
  5741 | D:5      | 5741 ||| DROPPING potion of degeneration.
  5742 | D:5      | 5742 ||| DROPPING potion of ambrosia.
  5834 | D:6      | 5834 ||| READING scroll of brand weapon.
  5834 | D:6      | 5834 ||| BRANDING +2 vorpal hand axe.
  5839 | D:6      | 5839 ||| INVOKING Heroism.
  5976 | D:6      | Found Ither's Weapon Boutique.
  5984 | D:6      | 5984 ||| BUYING +0 war axe (38 gold).
  5984 | D:6      | Bought a +0 war axe for 38 gold pieces
  5984 | D:6      | 5984 ||| SHOPLISTING +4 vampiric whip (324 gold, have 176).
  5984 | D:6      | 5984 ||| SWAPPING to +0 war axe.
  5985 | D:6      | 5985 ||| DROPPING +2 hand axe of venom.
  5993 | D:6      | 5993 ||| INVOKING Heroism.
  6038 | D:6      | Identified the +0 pair of boots of the Old World {rN++
                  | Int-4 SInv}
  6042 | D:6      | 6042 ||| INVOKING Heroism.
  6051 | D:6      | Reached skill level 3 in Invocations
  6217 | D:6      | 6217 ||| Stepping ~*~*~tactically~*~*~ (hiding).
  6219 | D:6      | 6219 ||| INVOKING Heroism.
  6282 | D:6      | 6282 ||| INVOKING Heroism.
  6325 | D:6      | 6325 ||| Stepping ~*~*~tactically~*~*~ (hiding).
  6329 | D:6      | 6329 ||| INVOKING Heroism.
  6405 | D:6      | 6405 ||| FLEEEEING.
  6406 | D:6      | 6406 ||| FLEEEEING.
  6411 | D:6      | 6411 ||| INVOKING Heroism.
  6417 | D:6      | Reached XP level 9. HP: 14/52 MP: 10/13
  6658 | D:6      | 6658 ||| Stepping ~*~*~tactically~*~*~ (stealth).
  6668 | D:6      | 6668 ||| Stepping ~*~*~tactically~*~*~ (stealth).
  6705 | D:6      | 6705 ||| DROPPING amulet of guardian spirit.
  6706 | D:6      | 6706 ||| READING scroll labelled GOCHUS EGGO.
  6724 | D:6      | HP: 10/52 [gnoll/+0 halberd[a gnoll sergeant] (4)]
  7027 | D:6      | Found a glowing silver altar of Zin.
  7028 | D:6      | Found a hide-covered altar of Uskayaw.
  7028 | D:6      | Found a burning altar of Makhleb.
  7028 | D:6      | Found an opulent altar of Gozag.
  7082 | D:6      | Found a blossoming altar of Fedhas.
  7159 | D:6      | Found Emudat's Tremendous Tomes.
  7183 | D:6      | 7183 ||| UPGRADING to +0 kite shield.
  7188 | D:6      | 7188 ||| DRINKING 2 white potions.
  7261 | D:7      | Reached skill level 1 in Shields
  7317 | D:7      | Found Iczimm's Assorted Antiques.
  7407 | D:7      | 7407 ||| Stepping ~*~*~tactically~*~*~ (hiding).
  7409 | D:7      | 7409 ||| Stepping ~*~*~tactically~*~*~ (stealth).
  7416 | D:7      | 7416 ||| INVOKING Heroism.
  7421 | D:7      | 7421 ||| DRINKING potion of curing.
  7421 | D:7      | 7421 ||| (to cure confusion)
  7428 | D:7      | Reached skill level 3 in Shields
  7525 | D:7      | 7525 ||| BUYING 3 scrolls of identify (144 gold).
  7525 | D:7      | Bought 3 scrolls of identify for 144 gold pieces
  7525 | D:7      | 7525 ||| BUYING potion of curing (72 gold).
  7525 | D:7      | Bought a potion of curing for 72 gold pieces
  7551 | D:7      | Found Doenik's Jewellery Boutique.
  7559 | D:7      | 7559 ||| SHOPLISTING +4 ring of protection (432 gold, have
                  | 42).
  7559 | D:7      | 7559 ||| SHOPLISTING +6 ring of dexterity (432 gold, have
                  | 42).
  7559 | D:7      | 7559 ||| SHOPLISTING ring "Eppem" {Drain Str+4 Int+8 Dex+4
                  | SInv} (600 gold, have 42).
  7559 | D:7      | 7559 ||| SHOPLISTING ring of ice (300 gold, have 42).
  7559 | D:7      | 7559 ||| SHOPLISTING ring of poison resistance (240 gold,
                  | have 42).
  7559 | D:7      | 7559 ||| SHOPLISTING ring of positive energy (240 gold,
                  | have 42).
  7601 | D:7      | Noticed Dowan
  7602 | D:7      | 7602 ||| INVOKING Heroism.
  7602 | D:7      | Noticed Duvessa
  7611 | D:7      | Killed Duvessa
  7625 | D:7      | Killed Dowan
  7731 | D:7      | 7731 ||| INVOKING Heroism.
  7847 | D:7      | 7847 ||| Stepping ~*~*~tactically~*~*~ (stealth).
  7848 | D:7      | 7848 ||| Stepping ~*~*~tactically~*~*~ (stealth).
  7850 | D:7      | 7850 ||| Stepping ~*~*~tactically~*~*~ (stealth).
  7854 | D:7      | 7854 ||| Stepping ~*~*~tactically~*~*~ (stealth).
  7855 | D:7      | 7855 ||| Stepping ~*~*~tactically~*~*~ (stealth).
  7861 | D:7      | 7861 ||| INVOKING Heroism.
  7864 | D:7      | Reached skill level 6 in Shields
  7867 | D:7      | Reached skill level 10 in Axes
  8141 | D:7      | 8141 ||| FLEEEEING.
  8142 | D:7      | 8142 ||| FLEEEEING.
  8143 | D:7      | 8143 ||| FLEEEEING.
  8144 | D:7      | 8144 ||| FLEEEEING.
  8145 | D:7      | 8145 ||| FLEEEEING.
  8146 | D:7      | 8146 ||| FLEEEEING.
  8147 | D:7      | 8147 ||| FLEEEEING.
  8148 | D:7      | 8148 ||| FLEEEEING.
  8149 | D:7      | 8149 ||| FLEEEEING.
  8150 | D:7      | 8150 ||| FLEEEEING.
  8151 | D:7      | 8151 ||| FLEEEEING.
  8152 | D:7      | 8152 ||| FLEEEEING.
  8163 | D:7      | 8163 ||| FLEEEEING.
  8168 | D:7      | 8168 ||| STAIRDANCE
  8276 | D:6      | 8276 ||| READING scroll labelled UDOIFF TAYGIT.
  8279 | D:7      | 8279 ||| STAIRDANCE
  8288 | D:7      | 8288 ||| STAIRDANCE
  8293 | D:6      | 8293 ||| INVOKING Heroism.
  8412 | D:7      | 8412 ||| STAIRDANCE
  8487 | D:7      | 8487 ||| Stepping ~*~*~tactically~*~*~ (hiding).
  8489 | D:7      | 8489 ||| INVOKING Heroism.
  8544 | D:7      | 8544 ||| Stepping ~*~*~tactically~*~*~ (hiding).
  8546 | D:7      | 8546 ||| Stepping ~*~*~tactically~*~*~ (hiding).
  8548 | D:7      | 8548 ||| Stepping ~*~*~tactically~*~*~ (hiding).
  8549 | D:7      | 8549 ||| Stepping ~*~*~tactically~*~*~ (hiding).
  8551 | D:7      | 8551 ||| INVOKING Heroism.
  8620 | D:7      | 8620 ||| DROPPING +3 mace.
  8892 | D:7      | 8892 ||| UPGRADING to +0 pair of gloves.
  8920 | D:8      | Found a flagged portal.
  8921 | D:8      | 8921 ||| INVOKING Heroism.
  8943 | D:8      | Reached ** piety under Okawaru
  8944 | D:8      | Reached XP level 10. HP: 51/59 MP: 14/14
  9086 | D:8      | 9086 ||| INVOKING Heroism.
  9148 | D:8      | Noticed Maggie
  9167 | D:8      | 9167 ||| INVOKING Heroism.
  9169 | D:8      | Killed Maggie
  9170 | D:8      | Reached skill level 11 in Axes
  9394 | D:8      | 9394 ||| INVOKING Heroism.
  9797 | D:8      | 9797 ||| INVOKING Heroism.
  9798 | D:8      | 9798 ||| Stepping ~*~*~tactically~*~*~ (stealth).
  9799 | D:8      | 9799 ||| Stepping ~*~*~tactically~*~*~ (stealth).
  9802 | D:8      | 9802 ||| Stepping ~*~*~tactically~*~*~ (stealth).
  9803 | D:8      | 9803 ||| Stepping ~*~*~tactically~*~*~ (stealth).
 10140 | D:8      | Noticed Prince Ribbit
 10142 | D:8      | 10142 ||| Stepping ~*~*~tactically~*~*~ (stealth).
 10143 | D:8      | 10143 ||| Stepping ~*~*~tactically~*~*~ (stealth).
 10154 | D:8      | 10154 ||| INVOKING Heroism.
 10171 | D:8      | Killed Prince Ribbit
 10273 | D:8      | 10273 ||| FLEEEEING.
 10274 | D:8      | 10274 ||| FLEEEEING.
 10275 | D:8      | 10275 ||| FLEEEEING.
 10277 | D:8      | 10277 ||| FLEEEEING.
 10287 | D:8      | 10287 ||| FLEEEEING.
 10288 | D:8      | 10288 ||| FLEEEEING.
 10289 | D:8      | 10289 ||| FLEEEEING.
 10290 | D:8      | 10290 ||| FLEEEEING.
 10291 | D:8      | 10291 ||| FLEEEEING.
 10292 | D:8      | 10292 ||| FLEEEEING.
 10293 | D:8      | 10293 ||| FLEEEEING.
 10294 | D:8      | 10294 ||| FLEEEEING.
 10295 | D:8      | 10295 ||| FLEEEEING.
 10296 | D:8      | 10296 ||| FLEEEEING.
 10297 | D:8      | 10297 ||| FLEEEEING.
 10298 | D:8      | 10298 ||| FLEEEEING.
 10307 | D:8      | 10307 ||| FLEEEEING.
 10308 | D:8      | 10308 ||| FLEEEEING.
 10309 | D:8      | 10309 ||| STAIRDANCE
 10477 | D:8      | 10477 ||| INVOKING Heroism.
 10489 | D:8      | Reached skill level 12 in Axes
 10499 | D:8      | Reached *** piety under Okawaru
 10539 | D:8      | Reached skill level 6 in Armour
 10660 | D:8      | 10660 ||| UPGRADING to +2 hat.
 10670 | D:8      | 10670 ||| DROPPING +1 hat.
 10704 | D:9      | 10704 ||| INVOKING Heroism.
 10718 | D:9      | Reached skill level 6 in Fighting
 11152 | D:9      | Found a staircase to the Lair.
 11154 | D:9      | 11154 ||| INVOKING Heroism.
 11163 | D:9      | Reached skill level 3 in Dodging
 11172 | D:9      | Reached XP level 11. HP: 28/64 MP: 15/15
 11412 | D:9      | 11412 ||| INVOKING Heroism.
 11422 | Abyss:1  | Cast into level 1 of the Abyss (gnoll)
 11493 | Abyss:1  | Noticed a tentacled starspawn
 11497 | Abyss:1  | 11497 ||| INVOKING Heroism.
 11506 | Abyss:1  | Killed a tentacled starspawn
 11507 | Abyss:1  | 11507 ||| Stepping ~*~*~tactically~*~*~ (stealth).
 11510 | Abyss:1  | 11510 ||| Stepping ~*~*~tactically~*~*~ (stealth).
 11536 | Abyss:1  | Noticed a starcursed mass
 11537 | Abyss:1  | 11537 ||| INVOKING Heroism.
 11542 | Abyss:1  | HP: 10/64 [starcursed mass/accursed screaming (8)]
 11543 | Abyss:1  | 11543 ||| READING 3 scrolls of teleportation.
 11545 | Abyss:1  | HP: 3/64 [starcursed mass/accursed screaming (7)]
 11547 | Abyss:1  | Killed from afar by a starcursed mass

Levels and vault maps discovered:
D:1:      amcnicky_arrival_gap_in_the_tavern_cellar, layout_basic, minmay_cupped
D:2:      layout_loops_cross
D:3:      layout_basic, basic_ecumenical_altar
D:4:      layout_basic, lemuel_temple_firewalk_b,
          minmay_a_box_with_orc_wizards_in_it, uniq_natasha
D:5:      layout_rooms, kiku_gazebo_pond_becter, uniq_blork_the_orc
D:6:      layout_gridville, minitemple, serial_shops, nicolae_lakefront_shop,
          nicolae_shop_i_like_big_books, grunt_ministairs_14,
          minmay_stone_trees_medium, kennysheep_doodads, fountainhead
D:7:      layout_basic, serial_shops, shop, nicolae_stop_n_shop_1, uniq_duvessa
D:8:      layout_loops_corners, enter_bailey_5, uniq_maggie, uniq_prince_ribbit1
D:9:      layout_grid_maze, erik_lair_orcish_takeover
Temple:   nicolae_temple_slightly_damp_pantheon
Abyss:1:  base:
D:7

Skill      XL: |  1  2  3  4  5  6  7  8  9 10 11 |
---------------+----------------------------------+-----
Axes           | 3 4 5 6 7 8 9 10 12 | 12.1
Armour         | 2 3 4 5 6 |  6.1
Fighting       | 3 4 5 6 |  6.0
Invocations    | 4 |  4.1
Shields        | 6 7 8 |  8.9
Dodging        | 3 |  3.0
Throwing       | |  1.0
Spellcasting   | |  2.0
Translocations | |  2.4

Action                   |  1- 3 |  4- 6 |  7- 9 | 10-12 || total
-------------------------+-------+-------+-------+-------++-------
Melee: Hand axe          |    87 |   163 |   110 |       ||   360
       Kick              |    17 |    45 |    83 |    66 ||   211
       Peck              |    13 |    21 |    56 |    44 ||   134
       Punch             |       |     3 |     5 |       ||     8
       War axe           |       |       |   199 |   196 ||   395
Throw: Boomerang         |     7 |       |    43 |     3 ||    53
Invok: Heroism           |       |       |    17 |    11 ||    28
  Use: Potion            |     1 |     4 |     3 |       ||     8
       Scroll            |       |    14 |     7 |     1 ||    22
Armor: Leather armour    |    11 |       |       |       ||    11
       Plate armour      |    25 |   118 |   194 |    78 ||   415
Dodge: Dodged            |    36 |    19 |    61 |    35 ||   151
Block: Kite shield       |       |       |    54 |   100 ||   154

Table legend:
 A = Non-vault XP
 B = Vault XP
 C = Vault XP percentage of total XP
 D = Non-vault monster count
 E = Vault monster count
 F = Vault count percentage of total count
                 A         B        C        D         E       F
            +---------+---------+-------+---------+---------+-------
      Total |    9110 |    1800 |  16.5 |     196 |      29 |  12.9
            +---------+---------+-------+---------+---------+-------
        D:1 |      34 |       7 |  17.1 |      19 |       4 |  17.4
        D:2 |      95 |       0 |   0.0 |      28 |       0 |   0.0
        D:3 |      39 |       0 |   0.0 |      15 |       0 |   0.0
        D:4 |     631 |     208 |  24.8 |      26 |       6 |  18.8
        D:5 |     428 |      87 |  16.9 |      22 |       1 |   4.3
        D:6 |    1077 |      43 |   3.8 |      30 |       1 |   3.2
        D:7 |    1406 |     204 |  12.7 |      25 |       2 |   7.4
        D:8 |    3451 |     618 |  15.2 |      22 |       6 |  21.4
        D:9 |     459 |     633 |  58.0 |       8 |       9 |  52.9
    Abyss:1 |    1490 |       0 |   0.0 |       1 |       0 |   0.0
            +---------+---------+-------+---------+---------+-------
